 Dungeon Crawl Stone Soup version 0.23.0-3-gf3c87f2df8 (webtiles) character file.

Game seed: 13682148353374340315

70 LLavrengius the Changer (level 4, -6/28 HPs)
             Began as an Octopode Transmuter on Feb 24, 2019.
             Mangled by Terence
             ... wielding a +2 trident of pain
              (7 damage)
             ... on level 2 of the Dungeon.
             The game lasted 00:03:46 (1426 turns).

LLavrengius the Changer (Octopode Transmuter)       Turns: 1426, Time: 00:03:47

Health: -6/28      AC:  1    Str:  9    XL:     4   Next: 22%
Magic:  1/7        EV: 13    Int: 16    God:
Gold:   37         SH:  0    Dex: 12    Spells: 4/7 levels left

rFire    . . .     SeeInvis .     - Unarmed
rCold    . . .     Gourm    .   (no shield)
rNeg     . . .     Faith    .   (helmet restricted)
rPois    .         Spirit   .   (no amulet)
rElec    .         Reflect  .   (no ring)
rCorr    .         Harm     .   (no ring)
MR       .....                  (no ring)
Stlth    ++........             (no ring)
HPRegen  0.09/turn              (no ring)
MPRegen  0.10/turn              (no ring)
                                (no ring)
                                (no ring)

@: no status effects
A: almost no armour, stealthy swim, amphibious, 8 rings, constrict 8, camouflage
1, gelatinous body 1
a: no special abilities


You were on level 2 of the Dungeon.
You were not hungry.

You visited 1 branch of the dungeon, and saw 2 of its levels.

You collected 37 gold pieces.

Inventory:

Hand Weapons
 e - a +0 spear
Missiles
 a - 7 arrows
Scrolls
 b - a scroll of amnesia {unknown}
 g - a scroll of enchant weapon {unknown}
 h - 3 scrolls of teleportation {unknown}
 i - a scroll of magic mapping {unknown}
 j - 2 scrolls of identify {unknown}
 n - 2 scrolls of remove curse {unknown}
Potions
 d - a potion of brilliance {unknown}
 k - a potion of haste {unknown}
 l - a potion of lignification {unknown}
 m - a potion of ambrosia {unknown}
Comestibles
 c - 3 rations


   Skills:
 - Level 1.0 Fighting
 - Level 2.0 Dodging
 - Level 3.0 Unarmed Combat
 - Level 2.0 Spellcasting
 + Level 4.3 Transmutations


You had 4 spell levels left.
You knew the following spells:

 Your Spells              Type           Power        Failure   Level  Hunger
a - Beastly Appendage     Tmut           ###...       3%          1    #......
b - Sticks to Snakes      Tmut           ###.....     5%          2    ###....

Your spell library contained the following spells:

 Spells                   Type           Power        Failure   Level  Hunger
 Spider Form              Tmut/Pois      #.........   26%         3    ###....
 Ice Form                 Ice/Tmut       #.......     63%         4    #####..
 Blade Hands              Tmut           ###.......   67%         5    ######.


Dungeon Overview and Level Annotations

Branches:
Dungeon (2/15)

Altars:
Fedhas
Okawaru

Annotations:
D:2 Terence


Innate Abilities, Weirdness & Mutations

You cannot wear most types of armour.
You are very stealthy in the water. (Stealth+)
You are amphibious.
You can wear up to eight rings at the same time.
You can use your tentacles to constrict eight enemies at once.
Your skin changes colour to match your surroundings (Stealth+).
Your rubbery body absorbs attacks. (AC +1, EV +1)


Message History

You constrict Terence, but do no damage.
Terence hits you with a +2 trident of pain.
You writhe in agony.
Unknown command.
You tentacle-slap Terence but do no damage.
Terence is almost dead.
You constrict Terence.
Unknown command.
You tentacle-slap Terence but do no damage.
Terence is almost dead.
You constrict Terence, but do no damage.
Terence hits you with a +2 trident of pain!
* * * LOW HITPOINT WARNING * * *
You writhe in agony.
* * * LOW HITPOINT WARNING * * *
You tentacle-slap Terence but do no damage.
Terence is almost dead.
You constrict Terence, but do no damage.
Terence hits you with a +2 trident of pain!
You die...

### #.#### #.. ###.##.. ...
#### #.#.##.# #.# ...#
#.#.##.# #.# ...# #.#.##.#
#.# ...####.#.##.# #.#
...##.....##.###.############
..†.)..........@@............
...#.........###.###.########
####..#.#.#### #.# #.#
....>#.#.### #.# #.#
####.##.#.##.# #.###.######
..##.#.##.# #............
##.##.#.##.# #.###.#######
..........# #.# #.# #
##...##.# #.# #.#


You could see Terence.

Vanquished Creatures
  An adder (D:2)
  2 oozes (D:1)
  3 worms (D:2)
  A dart slug (D:1)
  2 leopard geckos
  A ball python (D:2)
  7 goblins
  4 hobgoblins
  3 jackals (D:2)
  4 kobolds
  4 bats
  3 frilled lizards (D:1)
  2 rats (D:1)
37 creatures vanquished.

Notes
Turn   | Place    | Note
-------+----------+-------------------------------------------
     0 | D:1      | LLavrengius the Octopode Transmuter began the quest for the
                  | Orb.
     0 | D:1      | Reached XP level 1. HP: 13/13 MP: 3/3
    51 | D:1      | Reached XP level 2. HP: 9/18 MP: 5/5
   193 | D:1      | Learned a level 2 spell: Sticks to Snakes
   206 | D:1      | Reached skill level 3 in Transmutations
   349 | D:1      | Reached XP level 3. HP: 15/23 MP: 6/6
  1035 | D:2      | Reached skill level 4 in Transmutations
  1172 | D:2      | Found an iron altar of Okawaru.
  1226 | D:2      | Reached XP level 4. HP: 25/28 MP: 7/7
  1280 | D:2      | Found a blossoming altar of Fedhas.
  1378 | D:2      | Noticed Terence
  1425 | D:2      | HP: 1/28 [Terence/+2 trident of pain (1)]
  1426 | D:2      | Mangled by Terence

Skill      XL: |  1  2  3 |
---------------+----------+-----
Transmutations | 3 4 |  4.3
Fighting       | |  1.0
Dodging        | |  2.0
Unarmed Combat | |  3.0
Spellcasting   | |  2.0

Action                   |  1- 3 |  4- 6 || total
-------------------------+-------+-------++-------
Melee: Unarmed           |    90 |    32 ||   122
       Constrict         |    19 |     7 ||    26
       Tentacles         |    12 |     6 ||    18
       Punch             |     3 |       ||     3
       Kick              |     1 |       ||     1
 Cast: Beastly Appendage |     1 |       ||     1
       Sticks to Snakes  |       |     5 ||     5
 Stab: Sleeping          |     7 |     3 ||    10
  Eat: Chunk             |     1 |     1 ||     2
Armor: Skin              |     5 |       ||     5
Dodge: Dodged            |    51 |    24 ||    75
